[Event "Asian Continental-ch Women 2019"]
[Site "XingTai"]
[Date "2019.06.13"]
[Round "7.25"]
[White "Dauletova, Gulmira"]
[Black "Mahalakshmi, M."]
[Result "1/2-1/2"]
[ECO "B56"]
[WhiteElo "2252"]
[BlackElo "2245"]
[Annotator "NA"]
[PlyCount "241"]
[EventDate "2019.06.06"]
[EventType "swiss"]
[EventCountry "CHN"]
[SourceTitle "playchess.com"]
[Source "ChessBase"]
[SourceQuality "1"]
[TimeControl "40/5400+30:1800+30"]

1. e4 c5 2. Nf3 d6 3. d4 cxd4 4. Nxd4 Nf6 5. Nc3 a6 6. Nb3 Nc6 7. Be2 e6 8. O-O b5 9. a3 Be7 10. Be3 O-O 11. f4 Bb7 12. Qd2 Rc8 13. Bf3 Nd7 14. Qf2 Na5 15. Nd4 Nc4 16. Bc1 Ndb6 17. b3 Nxa3 18. Bxa3 Rxc3 19. Bb4 Rc8 20. Ba5 Qc7 21. f5 e5 22. f6 Bxf6 23. Nf5 Bd8 24. Rad1 Rb8 25. Rxd6 Bc8 26. Rxb6 Rxb6 27. Bxb6 Qxb6 28. Ne7+ Kh8 29. Nxc8 Qc7 30. Bg4 f5 31. exf5 Rf6 32. Qe2 Qxc8 33. Qxe5 Bc7 34. Qe4 Qb8 35. g3 Rf8 36. Re1 Bb6+ 37. Kg2 Qc7 38. Rf1 Rc8 39. Bd1 Rd8 40. Be2 Rf8 41. Bd3 Qd7 42. Qb4 Rf6 43. Re1 Qc6+ 44. Qe4 Qc5 45. Qa8+ Rf8 46. Re8 Kg8 47. Rxf8+ Qxf8 48. Qxa6 Qc5 49. Qxb5 Qf2+ 50. Kh3 Qe3 51. Qd5+ Kf8 52. Qd6+ Kf7 53. Bc4+ Ke8 54. Qe6+ Qxe6 55. Bxe6 Ke7 56. Bg8 h6 57. Bc4 Kd6 58. Kg4 Bg1 59. h3 Bf2 60. Kf4 Kc5 61. g4 Kd4 62. f6 gxf6 63. Bd3 Kc3 64. Kf5 Bh4 65. Kg6 Bg5 66. Kh5 Be3 67. Bf5 Bd2 68. Kg6 Bg5 69. Kf7 Bh4 70. Ke6 Bg5 71. Kd5 Be3 72. h4 Bf2 73. h5 Be3 74. Kc6 Bf4 75. Kc5 Be3+ 76. Kb5 Bf4 77. Kc6 Be3 78. Kd5 Bf4 79. Ke6 Bg5 80. Kf7 Bh4 81. Kg7 Bg5 82. Kg6 Kb4 83. c4 Kc5 84. Bc2 Kb4 85. Bd1 Kc5 86. Kf5 Bh4 87. Ke4 Bg5 88. Kd3 Bh4 89. Bc2 Bg3 90. Ke4 Bh4 91. Kf5 Bg5 92. Ke6 Bh4 93. Kd7 Bg5 94. Bd1 Bh4 95. Ke6 Bg5 96. Be2 Bh4 97. Kf5 Bg5 98. Ke4 Bh4 99. Kd3 Bf2 100. Bf1 Bg3 101. Ke3 Bh4 102. Ke4 Bg5 103. Kf5 Bh4 104. Kg6 Bg5 105. Be2 Kb4 106. Kf5 Kc5 107. Ke4 Bh4 108. Kd3 Bf2 109. Bf3 Bg3 110. Bd5 Bf2 111. Be6 Bg3 112. g5 fxg5 113. Bg4 Bf2 114. Ke4 Kb4 115. Kd5 Be3 116. Ke4 Bf2 117. Kd5 Be3 118. Kd6 Bf2 119. Kd5 Be3 120. Ke4 Bf2 121. Kd5 1/2-1/2

[Event "Asian Continental-ch Women 2019"]
[Site "XingTai"]
[Date "2019.06.14"]
[Round "8.18"]
[White "Saduakassova, Dinara"]
[Black "Munguntuul, Batkhuyag"]
[Result "1-0"]
[ECO "B48"]
[WhiteElo "2458"]
[BlackElo "2420"]
[Annotator "ChessBase"]
[PlyCount "105"]
[EventDate "2019.06.06"]
[EventType "swiss"]
[EventCountry "CHN"]
[SourceTitle "playchess.com"]
[Source "ChessBase"]
[SourceQuality "1"]
[TimeControl "40/5400+30:1800+30"]

1. e4 c5 2. Nf3 e6 3. d4 cxd4 4. Nxd4 Nc6 5. Nc3 Qc7 6. Be3 a6 7. Qd2 Nf6 8. O-O-O Bb4 9. f3 O-O 10. a3 Be7 11. g4 b5 12. h4 b4 13. axb4 Bxb4 14. h5 Ne5 15. g5 Ne8 16. f4 Nc4 17. Bxc4 Qxc4 18. h6 g6 19. Nf3 Bxc3 20. Qxc3 Qxc3 21. bxc3 Bb7 22. Rxd7 Bxe4 23. Rf1 f6 24. Nd2 Bf5 25. gxf6 Rf7 26. Rxf7 Kxf7 27. Nf3 Nxf6 28. Ng5+ Kg8 29. Rd1 Nd5 30. Bd4 Nxf4 31. Be5 Nd5 32. c4 Rc8 33. Rd4 Nb6 34. c5 Nd5 35. Kd2 Rxc5 36. c4 a5 37. cxd5 exd5 38. Ke3 Rb5 39. Kf4 Bc2 40. Bd6 a4 41. Ke5 Bb3 42. Rb4 Rxb4 43. Bxb4 Ba2 44. Bc3 Bb3 45. Bd4 a3 46. Ke6 Bc2 47. Ke7 Bf5 48. Nf7 g5 49. Nxg5 a2 50. Nf7 Bd7 51. Nd6 Ba4 52. Nf5 Bc2 53. Ne3 1-0

[Event "Asian Continental-ch Women 2019"]
[Site "XingTai"]
[Date "2019.06.14"]
[Round "8.19"]
[White "Sukandar, Irine Kharisma"]
[Black "Munkhzul, Turmunkh"]
[Result "1/2-1/2"]
[ECO "B19"]
[WhiteElo "2378"]
[BlackElo "2371"]
[Annotator "NA"]
[PlyCount "55"]
[EventDate "2019.06.06"]
[EventType "swiss"]
[EventCountry "CHN"]
[SourceTitle "playchess.com"]
[Source "ChessBase"]
[SourceQuality "1"]
[TimeControl "40/5400+30:1800+30"]

1. e4 c6 2. d4 d5 3. Nc3 dxe4 4. Nxe4 Bf5 5. Ng3 Bg6 6. h4 h6 7. Nf3 e6 8. h5 Bh7 9. Bd3 Bxd3 10. Qxd3 Nf6 11. Bd2 Nbd7 12. O-O-O Be7 13. Qe2 O-O 14. Ne5 Qc7 15. f4 c5 16. Nxd7 Qxd7 17. dxc5 Qa4 18. Kb1 Bxc5 19. Qf3 Rfc8 20. Bc3 Nd5 21. Rxd5 exd5 22. Nf5 Bf8 23. Nxh6+ gxh6 24. Qg4+ Kh7 25. Qf5+ Kg8 26. Qg4+ Kh7 27. Qf5+ Kg8 28. Qg4+ 1/2-1/2

[Event "Asian Continental-ch Women 2019"]
[Site "XingTai"]
[Date "2019.06.14"]
[Round "8.20"]
[White "Kulkarni Bhakti"]
[Black "Pham, Le Thao Nguyen"]
[Result "0-1"]
[ECO "D11"]
[WhiteElo "2380"]
[BlackElo "2370"]
[Annotator "NA"]
[PlyCount "178"]
[EventDate "2019.06.06"]
[EventType "swiss"]
[EventCountry "CHN"]
[SourceTitle "playchess.com"]
[Source "ChessBase"]
[SourceQuality "1"]
[TimeControl "40/5400+30:1800+30"]

1. d4 d5 2. c4 c6 3. Nf3 Nf6 4. g3 Bg4 5. Ne5 Bf5 6. cxd5 Qxd5 7. Nf3 Bxb1 8. Rxb1 Qxa2 9. Qc2 Na6 10. Bd2 e6 11. Bg2 Nb4 12. Qd1 Be7 13. O-O O-O 14. Ne5 Qa6 15. e3 Qb5 16. Ra1 Rfd8 17. Qf3 Bd6 18. Ng4 Nxg4 19. Qxg4 Nd5 20. e4 Nf6 21. Qf3 Bb4 22. Bc3 a5 23. Rfd1 Bxc3 24. bxc3 Ra7 25. e5 Nd5 26. Bf1 Qb3 27. Rdc1 a4 28. Bd3 g6 29. Bb1 a3 30. Ba2 Qa4 31. h4 Qa5 32. h5 Rd7 33. hxg6 hxg6 34. Kg2 Qd8 35. Rh1 f5 36. exf6 Rf7 37. Qd3 Qxf6 38. f4 Qf5 39. Qxf5 exf5 40. Rhe1 Kg7 41. c4 Nb4 42. Bb3 Rd7 43. d5 a2 44. Re2 Ra3 45. Bxa2 cxd5 46. cxd5 b6 47. d6 Rxa2 48. Raxa2 Nxa2 49. Rxa2 Rxd6 50. g4 Kf6 51. Ra8 Ke6 52. Kf3 Kd7 53. g5 Kc6 54. Ke3 Kc5 55. Rc8+ Rc6 56. Rb8 Kc4 57. Rf8 b5 58. Rf6 Kd5 59. Rf8 b4 60. Kd3 Kc5 61. Rb8 Rd6+ 62. Kc2 Rb6 63. Rd8 Rd6 64. Rb8 Re6 65. Rb7 Re2+ 66. Kb3 Re3+ 67. Kc2 Re4 68. Rg7 Re6 69. Rb7 Rb6 70. Rd7 Kc4 71. Rf7 Kd5 72. Re7 Re6 73. Rb7 Re4 74. Rb6 Rxf4 75. Rxg6 Rg4 76. Rg8 Ke6 77. Kd3 Kf7 78. Rb8 Kg6 79. Rg8+ Kh5 80. Ke2 Rxg5 81. Rh8+ Kg6 82. Kf3 Rg4 83. Rb8 Kf6 84. Rb5 Rc4 85. Rb8 Ke5 86. Rb5+ Kd4 87. Rxf5 Kc3 88. Ke2 b3 89. Kd1 Rd4+ 0-1

[Event "Asian Continental-ch Women 2019"]
[Site "XingTai"]
[Date "2019.06.14"]
[Round "8.21"]
[White "Li, Xueyi"]
[Black "Li, Yunshan"]
[Result "1-0"]
[ECO "D85"]
[WhiteElo "2305"]
[BlackElo "2264"]
[Annotator "NA"]
[PlyCount "83"]
[EventDate "2019.06.06"]
[EventType "swiss"]
[EventCountry "CHN"]
[SourceTitle "playchess.com"]
[Source "ChessBase"]
[SourceQuality "1"]
[TimeControl "40/5400+30:1800+30"]

1. d4 Nf6 2. c4 g6 3. Nc3 d5 4. cxd5 Nxd5 5. e4 Nxc3 6. bxc3 Bg7 7. Nf3 c5 8. h3 O-O 9. Be2 Nc6 10. Be3 Qa5 11. O-O Rd8 12. Bd2 cxd4 13. cxd4 Qa3 14. d5 Nd4 15. Nxd4 Bxd4 16. Bc1 Bb2 17. Qd2 Bxc1 18. Raxc1 Qd6 19. Qe3 e6 20. e5 Qxd5 21. Rfd1 Qa5 22. Rxd8+ Qxd8 23. Rd1 Qe8 24. Bf3 a5 25. Qd4 Qe7 26. Qb6 Kg7 27. Be2 Qb4 28. Qc7 a4 29. a3 Qa5 30. Qd6 b5 31. Qe7 Ba6 32. Bg4 Qb6 33. Rd7 Rf8 34. Bxe6 Qc6 35. Qf6+ Kh6 36. Rxf7 Rxf7 37. Qxf7 Qc5 38. Qf4+ Kg7 39. Qf6+ Kh6 40. Bg8 Qc1+ 41. Kh2 Qxa3 42. Qh4+ 1-0

[Event "Asian Continental-ch Women 2019"]
[Site "XingTai"]
[Date "2019.06.14"]
[Round "8.22"]
[White "Zhai, Mo"]
[Black "Zhang, Xiao"]
[Result "1/2-1/2"]
[ECO "A20"]
[WhiteElo "2358"]
[BlackElo "2234"]
[Annotator "ChessBase"]
[PlyCount "50"]
[EventDate "2019.06.06"]
[EventType "swiss"]
[EventCountry "CHN"]
[SourceTitle "playchess.com"]
[Source "ChessBase"]
[SourceQuality "1"]
[TimeControl "40/5400+30:1800+30"]

1. c4 e5 2. g3 Nf6 3. Bg2 d5 4. cxd5 Nxd5 5. Nf3 Nc6 6. O-O Be7 7. d4 exd4 8. Nxd4 Nxd4 9. Qxd4 Nf6 10. Qxd8+ Bxd8 11. Nc3 c6 12. b4 Be6 13. b5 Rc8 14. bxc6 bxc6 15. Rb1 O-O 16. Be3 Ba5 17. Rfc1 Bxc3 18. Rxc3 Bxa2 19. Ra1 Nd5 20. Bxd5 Bxd5 21. Rxa7 Ra8 22. Rca3 Rxa7 23. Rxa7 Bc4 24. Bc5 Rb8 25. e4 Bd3 1/2-1/2

[Event "Asian Continental-ch Women 2019"]
[Site "XingTai"]
[Date "2019.06.14"]
[Round "8.23"]
[White "Dauletova, Gulmira"]
[Black "Vaishali R"]
[Result "0-1"]
[ECO "B56"]
[WhiteElo "2252"]
[BlackElo "2338"]
[Annotator "NA"]
[PlyCount "154"]
[EventDate "2019.06.06"]
[EventType "swiss"]
[EventCountry "CHN"]
[SourceTitle "playchess.com"]
[Source "ChessBase"]
[SourceQuality "1"]
[TimeControl "40/5400+30:1800+30"]

1. e4 c5 2. Nf3 Nc6 3. d4 cxd4 4. Nxd4 Nf6 5. Nc3 d6 6. f3 e5 7. Nb3 Be7 8. Be3 O-O 9. Qd2 a5 10. Bb5 Be6 11. O-O Na7 12. Be2 Nc6 13. Bb5 Na7 14. Be2 Nc8 15. a4 Nb6 16. Kh1 Nc4 17. Bxc4 Bxc4 18. Rfd1 Qc7 19. Bg5 Rfd8 20. Bxf6 Bxf6 21. Nd5 Bxd5 22. Qxd5 h5 23. c3 Bg5 24. Rd3 Qb6 25. Rf1 Rac8 26. Rdd1 h4 27. g3 h3 28. Ra1 Qa6 29. Qb5 Qxb5 30. axb5 b6 31. Rfd1 Rc4 32. Ra2 g6 33. g4 Kf8 34. Kg1 Be3+ 35. Kf1 Ke7 36. Ke2 Bf4 37. Raa1 Bxh2 38. Rh1 Bf4 39. Kd3 Rc7 40. Rxh3 d5 41. exd5 Rxd5+ 42. Kc2 Rxb5 43. Nc1 Rd7 44. Nd3 Rxd3 45. Kxd3 Rxb2 46. Rh8 Rf2 47. Ke4 Re2+ 48. Kd5 Re3 49. Rb8 Rxc3 50. Rxb6 Rd3+ 51. Kc4 Rd4+ 52. Kb5 Bd2 53. Ra3 Kf8 54. Ra6 Kg7 55. Ra7 Kf6 56. Rb3 Kg7 57. Kc6 Bb4 58. Re3 Rd6+ 59. Kb5 Rd5+ 60. Kc4 Rc5+ 61. Kb3 Rb5 62. Rd3 Rb6 63. Kc4 Rc6+ 64. Kd5 Re6 65. Ke4 Be1 66. Rd5 Bc3 67. g5 Bd4 68. Raxa5 f5+ 69. Kd3 Re7 70. Rab5 Ba1 71. Ke2 Ra7 72. Rb1 Kf7 73. Rd6 Bd4 74. f4 Ra2+ 75. Kd3 Ra3+ 76. Kc4 Rc3+ 77. Kd5 Rc5# 0-1

[Event "Asian Continental-ch Women 2019"]
[Site "XingTai"]
[Date "2019.06.14"]
[Round "8.24"]
[White "Ren, Xiaoyi"]
[Black "Kurbonboeva, Sarvinoz"]
[Result "1/2-1/2"]
[ECO "D79"]
[WhiteElo "2255"]
[BlackElo "2259"]
[Annotator "NA"]
[PlyCount "113"]
[EventDate "2019.06.06"]
[EventType "swiss"]
[EventCountry "CHN"]
[SourceTitle "playchess.com"]
[Source "ChessBase"]
[SourceQuality "1"]
[TimeControl "40/5400+30:1800+30"]

1. d4 Nf6 2. c4 g6 3. Nf3 Bg7 4. g3 c6 5. Bg2 d5 6. cxd5 cxd5 7. Ne5 O-O 8. Nc3 Bf5 9. O-O Ne4 10. Qb3 Nc6 11. Nxc6 bxc6 12. Nxe4 Bxe4 13. Bxe4 dxe4 14. Rd1 Qb6 15. Qxb6 axb6 16. Bg5 Rfd8 17. e3 Rd7 18. g4 h6 19. Bf4 g5 20. Bg3 e5 21. Bxe5 Bxe5 22. dxe5 Rxa2 23. Rxd7 Rxa1+ 24. Kg2 Ra5 25. Rd6 Rxe5 26. Rxc6 Rb5 27. Rxh6 Rxb2 28. Rd6 Rb4 29. Rd5 f6 30. Rd7 Kf8 31. Kg3 Ke8 32. Rc7 b5 33. h4 gxh4+ 34. Kxh4 Rb2 35. Kg3 Rb4 36. Rb7 Rb2 37. Rc7 Rb4 38. Rg7 Rb1 39. Kg2 Kf8 40. Rd7 Rb4 41. Kg3 Ke8 42. Rb7 Rb2 43. Kf4 Rxf2+ 44. Kxe4 Re2 45. Kf5 Rf2+ 46. Ke6 Kf8 47. Rxb5 Kg7 48. Rb4 Re2 49. Kf5 Rxe3 50. Rb7+ Kh6 51. Kxf6 Rf3+ 52. Ke5 Kg6 53. Rb8 Kg7 54. Rb6 Rf1 55. Ke4 Rf6 56. Rb8 Rf1 57. Rb7+ 1/2-1/2

[Event "Asian Continental-ch Women 2019"]
[Site "XingTai"]
[Date "2019.06.14"]
[Round "8.25"]
[White "Gomes, Mary Ann"]
[Black "Hoang, Thi Bao Tram"]
[Result "1/2-1/2"]
[ECO "A11"]
[WhiteElo "2314"]
[BlackElo "2293"]
[Annotator "NA"]
[PlyCount "83"]
[EventDate "2019.06.06"]
[EventType "swiss"]
[EventCountry "CHN"]
[SourceTitle "playchess.com"]
[Source "ChessBase"]
[SourceQuality "1"]
[TimeControl "40/5400+30:1800+30"]

1. Nf3 Nf6 2. g3 g6 3. b3 Bg7 4. Bb2 O-O 5. Bg2 d5 6. c4 c6 7. O-O a5 8. d3 Bg4 9. Nbd2 Na6 10. h3 Bxf3 11. Nxf3 e6 12. a3 Qe7 13. Qc2 Rfd8 14. Bc3 Nc5 15. b4 axb4 16. axb4 Ncd7 17. e4 Nf8 18. Rfe1 dxc4 19. dxc4 Ne8 20. e5 Qc7 21. Nd2 Rxa1 22. Bxa1 Nd7 23. Nf3 Nb6 24. Ng5 Qe7 25. c5 Nd5 26. Bxd5 exd5 27. f4 Ra8 28. Bd4 Nc7 29. Ra1 Qd8 30. Rxa8 Qxa8 31. f5 Qa3 32. Kg2 Bh6 33. Nxf7 Kxf7 34. e6+ Ke7 35. Be5 Qxb4 36. fxg6 hxg6 37. Qxg6 Qd2+ 38. Kf1 Qd1+ 39. Kf2 Qd2+ 40. Kf1 Qd1+ 41. Kf2 Qd2+ 42. Kf1 1/2-1/2